 Dungeon Crawl Stone Soup version 0.24-a0-530-g18ba70b503 (webtiles) character file.

Game seed: 4225815902565149524

67 NewXiberia the Poker (level 4, -4/35 HPs)
             Began as a Demonspawn Fighter on Aug 9, 2019.
             Killed by divine providence
             ... invoked by an orc priest
              (9 damage)
             ... on level 3 of the Dungeon.
             The game lasted 00:05:07 (1887 turns).

NewXiberia the Poker (Demonspawn Fighter)           Turns: 1887, Time: 00:05:07

Health: -4/35      AC:  6    Str: 18    XL:     4   Next: 0%
Magic:  4/4        EV:  7    Int:  9    God:
Gold:   304        SH:  8    Dex: 12    Spells: 3/3 levels left

rFire    + . .     SeeInvis .   a - +0 trident
rCold    . . .     Gourm    .   c - +0 shield
rNeg     + . .     Faith    .   b - +0 scale mail
rPois    .         Spirit   .   (no helmet)
rElec    .         Reflect  .   (no cloak)
rCorr    .         Harm     .   (no gloves)
MR       .....                  (no boots)
Stlth    ..........             (no amulet)
HPRegen  0.11/turn              o - ring of positive energy
MPRegen  0.09/turn              q - ring of protection from fire

@: hasted and slowed
A: claws 1, demonic guardian 1
a: no special abilities


You were on level 3 of the Dungeon.
You were hungry.

You visited 1 branch of the dungeon, and saw 3 of its levels.

You collected 304 gold pieces.

Inventory:

Hand Weapons
 a - a +0 trident (weapon)
Armour
 b - a +0 scale mail (worn)
 c - a +0 shield (worn)
Jewellery
 o - a ring of positive energy (left claw)
 q - a ring of protection from fire (right claw)
Scrolls
 d - a scroll of noise
 e - a scroll of fear
 h - 2 scrolls of immolation
 k - a scroll of teleportation
 l - a scroll of identify
Potions
 g - a potion of degeneration {unknown}
 i - 2 potions of haste
 j - a potion of cancellation {unknown}
 m - a potion of curing
 p - a potion of resistance {unknown}
Comestibles
 f - 4 rations


   Skills:
 - Level 3.0 Fighting
 + Level 3.9 Polearms
 - Level 2.6 Armour
 - Level 2.6 Shields


You had 3 spell levels left.
You didn't know any spells.
Your spell library was empty.

Dungeon Overview and Level Annotations

Branches:
Dungeon (3/15)

Altars:
Trog


Innate Abilities, Weirdness & Mutations

You have sharp fingernails.
A weak demonic guardian rushes to your aid.


Message History

The orc priest mumbles some strange prayers to Beogh against you.
Beogh smites you!
The orc wizard hits you but does no damage.
Unknown command.
It was a potion of curing.
You feel better.
The orc wizard mumbles some strange words.
The orc wizard blinks!
The orc priest hits you but does no damage.
Your iron imp hits the orc priest.
You hit the orc priest but do no damage.
The orc priest is severely wounded.
The orc priest calls down the wrath of Beogh upon you.
Beogh smites you!
* * * LOW HITPOINT WARNING * * *
Your iron imp closely misses the orc priest.
You hit the orc priest but do no damage.
The orc priest is severely wounded.
The orc priest mumbles some strange prayers to Beogh against you.
Beogh smites you!
You die...

*#o.**,.....#,******
##.o####.#..#,,,,,,*
.......#.#..###*****
....$%...#..#.####**
####.#............,*
,,*#.#.#......##**,*
***#.#.#.#..#...<*,#
,,,#.###.#..#*####.#
**,#.###..ยง.#
#5@o.# **,#..#####.#
#o####
,,,##.#####.###.#
,*,*#....##...).#
,#.*##...##.#.###
*#.# #...##.#.# #.#
#...##.######
#.####.###)# #.#
#.#.....##.####.#


You could see an orc priest, an orc wizard and a friendly iron imp.

Vanquished Creatures
  An adder (D:2)
  An orc (D:3)
  A ball python (D:1)
  A giant cockroach (D:2)
  8 goblins
  7 hobgoblins
  8 jackals (D:1)
  2 quokkas (D:2)
  5 bats
  6 frilled lizards
  5 kobolds
  9 rats
54 creatures vanquished.

Vanquished Creatures (collateral kills)
  An orc (D:3)
1 creature vanquished.

Grand Total: 55 creatures vanquished

Notes
Turn   | Place    | Note
-------+----------+-------------------------------------------
     0 | D:1      | NewXiberia the Demonspawn Fighter began the quest for the
                  | Orb.
     0 | D:1      | Reached XP level 1. HP: 18/18 MP: 1/1
    76 | D:1      | You fall into a shaft and drop 1 floor!
    92 | D:1      | Gained mutation: A weak demonic guardian rushes to your
                  | aid. [demonic ancestry]
    92 | D:1      | Reached XP level 2. HP: 24/24 MP: 2/2
   702 | D:1      | Gained mutation: You have sharp fingernails. [demonic
                  | ancestry]
   702 | D:1      | Reached XP level 3. HP: 21/29 MP: 3/3
  1501 | D:2      | Found a bloodstained altar of Trog.
  1873 | D:3      | Reached XP level 4. HP: 35/35 MP: 4/4
  1887 | D:3      | Killed from afar by an orc priest

Levels and vault maps discovered:
D:1:      roderic_crop_circles_arrival_small, layout_loops_ring
D:2:      layout_loops_ring, bloody_trog
D:3:      layout_basic, zin_purify

Skill      XL: |  1  2 |
---------------+-------+-----
Polearms       | 2 3 |  3.9
Fighting       | |  3.0
Armour         | |  2.6
Shields        | |  2.6

Action                   |  1- 3 |  4- 6 || total
-------------------------+-------+-------++-------
Melee: Trident           |   203 |     8 ||   211
  Use: Potion            |     1 |     2 ||     3
       Scroll            |     6 |       ||     6
  Eat: Chunk             |     3 |       ||     3
Armor: Scale mail        |    76 |     7 ||    83
Dodge: Dodged            |    59 |       ||    59
Block: Shield            |    77 |     3 ||    80

Table legend:
 A = Non-vault XP
 B = Vault XP
 C = Vault XP percentage of total XP
 D = Non-vault monster count
 E = Vault monster count
 F = Vault count percentage of total count
                 A         B        C        D         E       F
            +---------+---------+-------+---------+---------+-------
      Total |      97 |       0 |   0.0 |      55 |       0 |   0.0
            +---------+---------+-------+---------+---------+-------
        D:1 |      47 |       0 |   0.0 |      29 |       0 |   0.0
        D:2 |      41 |       0 |   0.0 |      21 |       0 |   0.0
        D:3 |       9 |       0 |   0.0 |       5 |       0 |   0.0
            +---------+---------+-------+---------+---------+-------
